 Dungeon Crawl Stone Soup version 0.18.1-48-g4cf74bf (webtiles) character file.

499 Inkary the Shield-Bearer (level 6, -5/56 HPs)
             Began as a Minotaur Fighter on July 24, 2016.
             Slain by Menkaure (7 damage)
             ... on level 4 of the Dungeon.
             The game lasted 00:06:02 (2765 turns).

Inkary the Shield-Bearer (Minotaur Fighter)         Turns: 2765, Time: 00:06:03

Health: -5/56      AC:  7    Str: 23    XL:     6   Next: 94%
Magic:  5/5        EV:  8    Int:  5    God:
Gold:   92         SH: 10    Dex:  9    Spells: 0 memorised, 5 levels left

rFire  + . .     SeeInvis .     d - +2 mace
rCold  + . .     Gourm    .     b - +0 scale mail
rNeg   . . .     Faith    .     c - +0 shield
rPois  +         Spirit   .     (helmet restricted)
rElec  +         Dismiss  .     (no cloak)
rCorr  +         Reflect  .     (no gloves)
SustAt .         Harm     .     (no boots)
MR     .....                    (no amulet)
Stlth  ..........               (no ring)
                                (no ring)

@: resistant, not resistant to hostile enchantments, extremely unstealthy
A: retaliatory headbutt, horns 2
a: no special abilities


You were on level 4 of the Dungeon.
You were not hungry.

You visited 1 branch of the dungeon, and saw 4 of its levels.

You collected 92 gold pieces.

Inventory:

Hand Weapons
 d - a +2 mace (weapon)
Armour
 b - a +0 scale mail (worn)
 c - a +0 shield (worn)
Scrolls
 a - a scroll of identify
 i - 2 scrolls of remove curse {unknown}
 k - a scroll of random uselessness {unknown}
 n - a scroll of enchant armour {unknown}
 o - a scroll of immolation {unknown}
 p - a scroll of noise {unknown}
Potions
 g - 2 potions of beneficial mutation
 l - a potion of haste
Comestibles
 f - 5 bread rations
 j - 2 chunks of flesh
 q - a beef jerky


   Skills:
 + Level 5.6 Fighting
 + Level 4.4 Maces & Flails
 + Level 5.5 Armour
 - Level 1.8 Dodging
 + Level 5.8 Shields


You had 5 spell levels left.
You didn't know any spells.

Dungeon Overview and Level Annotations

Branches:
Dungeon (4/15)
 Temple: D:4-7

Altars:
Fedhas
Ru

Annotations:
D:3 Sigmund
D:4 Menkaure


Innate Abilities, Weirdness & Mutations

You reflexively headbutt those who attack you in melee.
You have a pair of horns on your head.


Message History

* * * LOW HITPOINT WARNING * * *
Drink which item? (? for menu, Esc to quit)
You feel better. Menkaure casts a spell at you. Pain shoots through your body!
* * * LOW HITPOINT WARNING * * *
You are too injured to fight recklessly!
You are too injured to fight recklessly!
You are too injured to fight recklessly!
You are too injured to fight recklessly!
You are too injured to fight recklessly!
You barely miss Menkaure. Your headbutt misses Menkaure.
Menkaure is severely damaged.
Menkaure hits you!
* * * LOW HITPOINT WARNING * * *
You block Menkaure's attack.
You hit Menkaure but do no damage.
Menkaure is severely damaged.
Menkaure hits you!
You die...

## ###. #.# .....
.... ..... .#.#
...... .....
..!.####.....
#.M#...# ##. #.@.#
#... ##..## .....
#...### .)...
#.....#####......
#.#####...........
... ##........#
..... ##......###
.# #####
##......... .#
##.........#


You could see Menkaure.

Vanquished Creatures
  Grinder (D:4)
  3 wights (D:4)
  A howler monkey (D:4)
  An iguana (D:4)
  A worker ant (D:4)
  2 adders
  An adder skeleton (D:4)
  2 worms (D:2)
  4 giant geckos
  14 orcs
  4 giant cockroaches (D:1)
  A goblin (D:1)
  3 hobgoblins
  6 kobolds
  6 bats
  3 giant newts
  A rat (D:1)
54 creatures vanquished.

Notes
Turn   | Place    | Note
--------------------------------------------------------------
     0 | D:1      | Inkary the Minotaur Fighter began the quest for the Orb.
     0 | D:1      | Reached XP level 1. HP: 19/19 MP: 0/0
   162 | D:1      | Reached XP level 2. HP: 27/27 MP: 1/1
   794 | D:2      | Reached XP level 3. HP: 27/33 MP: 2/2
   935 | D:2      | Found a blossoming altar of Fedhas.
  1010 | D:2      | Found a sacrificial altar of Ru.
  1348 | D:3      | Reached skill level 1 in Dodging
  1427 | D:3      | Noticed Sigmund
  1501 | D:4      | Reached XP level 4. HP: 28/41 MP: 3/3
  1938 | D:4      | Noticed Grinder
  1942 | D:4      | Paralysed by Grinder for 6 turns
  1961 | D:4      | Killed Grinder
  1961 | D:4      | Reached skill level 5 in Fighting
  1961 | D:4      | Reached skill level 5 in Armour
  1961 | D:4      | Reached skill level 5 in Shields
  1961 | D:4      | Reached XP level 5. HP: 17/48 MP: 4/4
  1961 | D:4      | Reached XP level 6. HP: 20/56 MP: 5/5
  2752 | D:4      | Noticed Menkaure
  2764 | D:4      | HP: 1/56 [Menkaure (12)]
  2765 | D:4      | Slain by Menkaure

Skill      XL: |  1  2  3  4  5  6 |
---------------+-------------------+-----
Shields        | 4 5 |  5.8
Fighting       | 4 5 |  5.6
Armour         | 4 5 |  5.5
Dodging        | 1 |  1.8
Maces & Flails | 3 4 |  4.4

Action                   |  1- 3 |  4- 6 || total
-------------------------+-------+-------++-------
Melee: Flail             |    86 |    43 ||   129
       Headbutt          |    14 |    10 ||    24
       Mace              |       |    22 ||    22
  Use: Potion            |     1 |     3 ||     4
       Scroll            |       |     4 ||     4
  Eat: Chunk             |     2 |     4 ||     6
Armor: Scale mail        |    44 |    18 ||    62
Dodge: Dodged            |    39 |    27 ||    66
Block: Shield            |    65 |    23 ||    88
